Description

we don't need to do any damage with our attack

after pressure charge, templar archives, 6 gates, storm, forge, 2gates, nexus and standerd macro.

it's my version of this build and if someone find what to do better please write in coments and i will change

Build Order

Get SALT Encoding   

  14  0:17  Pylon  
  16  0:36  Gateway (Chrono Boost)  scout
  18  1:12  Nexus  
  18  1:19  Assimilator  3 probes to gas
  18  1:27  Cybernetics Core  
  19  1:35  Assimilator  rally to gas from nezus
  20  1:47  Pylon  
  21  2:02  Warp Gate  
  22  2:08  Adept  
  26  2:29  Twilight Council  
  28  2:40  Stalker  
  32  2:53  Gateway  
  35  3:04  Blink  chrono at blink 4 times
  38  3:26  Robotics Facility  
  40  3:40  Nexus  
  41  3:45  Pylon  
  41  3:50  Stalker x2  
  46  4:00  Pylon  
  48  4:12  Warp Prism (Chrono Boost)  
  50  4:16  Stalker x2  
  54  4:22  Pylon  
  57  4:40  Stalker x2  go accros to oponent base
  66  5:00  Pylon  
  72  5:07  Stalker x2  attack with 9 stalkers and adept
Spawning Tool Build Advisor. Get it on Overwolf

Go to:

Details

  • Created by: kwercu
  • Published on: Mar 08, 2021
  • Modified on: Mar 08, 2021
  • Patch: 4.11.0
  • Difficulty: Medium
Show
View Real Time Build Order
Export as new Build Order

Comments (0)

There are no comments. Be the first!

Create an account to comment!